 Dungeon Sprint DCSS version 0.32-a0-350-g4f4d228785 (webtiles) character file.

Game seed: 7043977400196776089

3057 rocky1 the Protected (level 9, 0/89 HPs)
             Began as a Mountain Dwarf Fighter on Feb 18, 2024.
             Was a High Priest of Okawaru.
             Slain by a wolf spider (12 damage)
             ... in the Dungeon (Sprint V: "Ziggurat Sprint").
             The game lasted 00:06:21 (1108 turns).

rocky1 the Protected (Mountain Dwarf Fighter)       Turns: 1108, Time: 00:06:22

Health: 0/89       AC: 24    Str: 34    XL:     9   Next: 57%
Magic:  13/15      EV: 10    Int: 10    God:    Okawaru [*****.]
Gold:   0          SH:  0    Dex:  9    Spells: 8/8 levels left

rFire   . . .        C - +5 demon whip
rCold   . . .        n - +3 buckler
rNeg    . . .        H - +5 plate armour
rPois   .            L - +0 hat {Will+}
rElec   .            (no cloak)
rCorr   .            (no gloves)
SInv    .            t - +0 pair of boots {Stlth+}
Will    +....        M - amulet of regeneration Stlth
                     A - +6 ring of strength
HPRegen 1.14/turn    B - +6 ring of strength
MPRegen 0.14/turn

%: no teleportation
@: confused, lethally poisoned (0 -> -1), heroic
A: runic magic, artefact enchanting
a: Renounce Religion, Heroism, Finesse


You were in the Dungeon.
You worshipped Okawaru.
Okawaru was extremely pleased with you.
You visited 1 branch

Inventory:

Hand Weapons
 a - a +0 flail
 C - a +5 demon whip (weapon)
 D - a +5 great mace
 E - a +5 broad axe
 N - the +7 lajatang of Order {silver, rMut}
   (You found it in the Dungeon)

   rMut:      It protects you from mutation.
Armour
 b - a +0 scale mail
 c - a +0 buckler
 n - a +3 buckler (worn)
 t - a +0 pair of boots of stealth (worn)
 F - a +5 crystal plate armour
 G - +5 gold dragon scales
 H - a +5 plate armour (worn)
 I - a +3 kite shield
 J - an orb of guile
 K - a +3 tower shield
 L - a +0 hat of willpower (worn)
Magical Staves
 O - the staff "Jecinn" {rF+ rC+ Int+3 Stlth+ Fire}
   (You found it in the Dungeon)

   [staff of fire]

   Base accuracy: +5 Base damage: 5 Base attack delay: 1.2 This weapon's minimum
   attack delay (0.6) is reached at skill level 12.
   Int+3:     It affects your intelligence (+3).
   rF+:       It protects you from fire.
   rC+:       It protects you from cold.
   Stlth+:    It makes you more stealthy.
   Fire:      It increases the power of your Fire spells.
   It falls into the 'Staves' category.
   It is a one-handed weapon.
Jewellery
 v - a ring of flight
 w - a +6 ring of dexterity
 x - a +6 ring of dexterity
 y - a +6 ring of intelligence
 z - a +6 ring of intelligence
 A - a +6 ring of strength (left hand)
 B - a +6 ring of strength (right hand)
 M - an amulet of regeneration (around neck)
Wands
 s - a wand of mindburst (7)
 u - a wand of acid (7) (quivered)
Scrolls
 j - 2 scrolls of blinking
 o - 4 scrolls of amnesia
 p - 7 scrolls of fog
 q - 5 scrolls of identify
 r - 2 scrolls of fear
Potions
 d - 7 potions of might
 e - 9 potions of curing
 f - 9 potions of heal wounds
 g - 10 potions of haste
 h - 7 potions of magic
 i - 2 potions of berserk rage
 k - 2 potions of brilliance
 l - a potion of invisibility
 m - 4 potions of resistance


   Skills:
 + Level 11.3(16.3) Fighting
 + Level 3.6(13.3) Axes
 * Level 11.5(16.8) Maces & Flails
 + Level 12.7(17.7) Armour
 - Level 3.2(8.2) Stealth
 + Level 11.8(16.8) Shields
 * Level 8.3 Invocations
 + Level 4.7 Evocations


You had 8 spell levels left.
You didn't know any spells.
Your spell library contained the following spells:

 Spells                   Type           Power      Damage    Failure   Level
 Lesser Beckoning         Tloc           0%         N/A       63%         2
 Gell's Gravitas          Tloc           0%         N/A       86%         3
 Hailstorm                Conj/Ice       0%         3d5       86%         3
 Teleport Other           Tloc           0%         N/A       86%         3
 Summon Ice Beast         Ice/Summ       Unusable   N/A       N/A         3
 Sculpt Simulacrum        Ice/Alch       Unusable   N/A       N/A         6

Dungeon Overview and Level Annotations

Branches:
Dungeon (1/1)

Altars:
Ashenzari
Cheibriados
Dithmenos
Elyvilon
Fedhas
Gozag
Hepliaklqana
Kikubaaqudgha
Makhleb
Nemelex Xobeh
Okawaru
Qazlal
Ru
Sif Muna
Trog
Uskayaw
Vehumet
Wu Jian
Xom
Yredelemnul
Zin
The Shining One
Beogh
Jiyva
Lugonu


Innate Abilities, Weirdness & Mutations

Your spellcasting is much less encumbered by armour.
You can use scrolls of enchantment on lesser artefacts.


Message History

The scorpion stings you but does no damage.
You thrash the wolf spider!!
The wolf spider is severely wounded.
You feel sick.
The redback bites you but does no damage.
The wolf spider hits you!
The wolf spider bites you but does no damage.
The tarantella touches you but does no damage.
The wolf spider hits you but does no damage.
The wolf spider barely misses you.
You hit the wolf spider but do no damage.
The wolf spider is severely wounded.
You feel sick. The redback bites you!
* * * LOW HITPOINT WARNING * * *
The scorpion stings you but does no damage.
Unknown command.
You whack the wolf spider!
The wolf spider is almost dead.
You feel sick. The wolf spider completely misses you.
The wolf spider bites you but does no damage.
You block the wolf spider's attack. The wolf spider bites you!
* * * LOW HITPOINT WARNING * * *
The tarantella touches you but does no damage.
The redback closely misses you. The scorpion barely misses you.
You feel much better.
You feel sick. You block the wolf spider's attack.
The wolf spider bites you but does no damage.
The wolf spider hits you but does no damage.
You block the wolf spider's attack. The tarantella completely misses you.
The redback bites you.
* * * LOW HITPOINT WARNING * * *
The scorpion stings you.
* * * LOW HITPOINT WARNING * * *
The tarantella touches you.
* * * LOW HITPOINT WARNING * * *
You are afflicted by dizzying energies!
You are confused.
The wolf spider barely misses you.
The wolf spider bites you but does no damage.
The wolf spider hits you!
You die...

▓..|)|..▓
▓..=)?..▓
▓.......▓
▓.......▓
▓.......▓
▓.......▓
▓...sss.▓
▓...s@s.▓
▓▓▓▓▓▓▓▓▓


You could see 2 wolf spiders, a tarantella, a redback and a scorpion.

Vanquished Creatures
  A wolf spider (D)
  2 draconians (D)
  A cane toad (D)
  2 glass eyes (D)
  A jumping spider (D)
  2 spriggans (D)
  A wyvern (D)
  A water moccasin (D)
  A black bear (D)
  A wolf (D)
  A bullfrog (D)
  3 scorpions (D)
  2 jellies (D)
  An iguana (D)
  An endoplasm (D)
  4 jackals (D)
25 creatures vanquished.

Notes
Turn   | Place    | Note
-------+----------+-------------------------------------------
     0 | D        | rocky1 the Mountain Dwarf Fighter began the quest for the
                  | Orb.
     0 | D        | Reached XP level 1. HP: 19/19 MP: 1/1
     0 | D        | Found a shimmering blue altar of Sif Muna.
     0 | D        | Found a bloodstained altar of Trog.
     0 | D        | Found a sacrificial altar of Ru.
     0 | D        | Found a stormy altar of Qazlal.
     0 | D        | Found an iron altar of Okawaru.
     1 | D        | Found a sparkling altar of Nemelex Xobeh.
     1 | D        | Found a blossoming altar of Fedhas.
     1 | D        | Found the +6 Majin-Bo {spellvamp, MP+6 Int+6}
     1 | D        | Found the +27 heavy crossbow "Sniper" {heavy, Acc+∞ SInv}
     1 | D        | Found the +10 dark maul {heavy}
     1 | D        | Found the +15 Maxwell's patent armour {-Cast -Tele rElec
                  | Will+ rCorr}
     1 | D        | Found the +18 shield of the Gong {Loud rN+ Will+ rCorr
                  | EV-5}
     1 | D        | Found the +16 obsidian axe {drain, demonic, Mesm ^Drain Fly
                  | SInv}
     1 | D        | Found the +7 great mace "Firestarter" {flame, immolate,
                  | rFlCloud rF++}
     1 | D        | Found the +6 shillelagh "Devastator" {shatter}
     1 | D        | Found the +11 plutonium sword {^Contam Stlth-}
     1 | D        | Found the +8 lance "Wyrmbane" {slay drac, rPois rF+ rC+
                  | AC+3}
     1 | D        | Found the +9 sword of Zonguldrok {reap}
     1 | D        | Found the +13 scythe of Curses {drain, curses, ^Drain}
     1 | D        | Found the +9 sword of Power {lifebolt}
     1 | D        | Found the +7 mace of Variability {chaos, chaos arc}
     1 | D        | Found the +11 Singing Sword {sonic wave}
     1 | D        | Found the +8 storm bow {elec, penet}
     3 | D        | Found a transporter.
     3 | D        | Found an ancient bone altar of Kikubaaqudgha.
     3 | D        | Found a viscous altar of Jiyva.
     3 | D        | Found a corrupted altar of Lugonu.
     3 | D        | Found a hazy altar of Hepliaklqana.
     3 | D        | Found a burning altar of Makhleb.
     3 | D        | Found an opulent altar of Gozag.
    73 | D        | Reached skill level 4 in Armour
    73 | D        | Reached XP level 2. HP: 28/28 MP: 2/2
   142 | D        | Became a worshipper of Warmaster Okawaru
   153 | D        | Entered arena 2.
   153 | D        | Noticed a draconian
   153 | D        | Noticed a draconian
   153 | D        | Found a transporter.
   166 | D        | Killed a draconian
   166 | D        | Reached * piety under Okawaru
   166 | D        | Reached ** piety under Okawaru
   167 | D        | Reached skill level 8 in Armour
   167 | D        | Reached skill level 1 in Stealth
   167 | D        | Reached XP level 3. HP: 35/41 MP: 3/3
   167 | D        | Reached XP level 4. HP: 42/49 MP: 4/4
   167 | D        | Reached XP level 5. HP: 49/56 MP: 5/5
   167 | D        | Reached XP level 6. HP: 54/62 MP: 6/6
   173 | D        | Killed a draconian
   173 | D        | Reached *** piety under Okawaru
   174 | D        | Reached skill level 10 in Armour
   174 | D        | Reached XP level 7. HP: 61/71 MP: 7/7
   674 | D        | Entered arena 3.
   674 | D        | Found a transporter.
   679 | D        | Reached skill level 10 in Fighting
   708 | D        | Entered arena 4.
   708 | D        | Noticed a spriggan
   708 | D        | Noticed a spriggan
   708 | D        | Found a transporter.
   710 | D        | Killed a spriggan
   710 | D        | Killed a spriggan
   710 | D        | Reached **** piety under Okawaru
   711 | D        | Reached skill level 10 in Shields
   711 | D        | Reached XP level 8. HP: 80/80 MP: 7/11
   745 | D        | Entered arena 5.
   745 | D        | Found the +7 lajatang of Order {silver, rMut}
   745 | D        | Noticed a jumping spider
   745 | D        | Found a transporter.
   754 | D        | Killed a jumping spider
   755 | D        | Reached skill level 11 in Armour
   755 | D        | Reached skill level 5 in Invocations
  1011 | D        | Entered arena 6.
  1011 | D        | Noticed a glass eye
  1011 | D        | Noticed a glass eye
  1011 | D        | Found a transporter.
  1020 | D        | Killed a glass eye
  1024 | D        | Killed a glass eye
  1024 | D        | Reached ***** piety under Okawaru
  1025 | D        | Reached XP level 9. HP: 86/86 MP: 13/13
  1054 | D        | Entered arena 7.
  1054 | D        | Noticed a cane toad
  1056 | D        | Found a transporter.
  1060 | D        | Reached skill level 10 in Maces & Flails
  1060 | D        | Reached skill level 12 in Armour
  1063 | D        | Killed a cane toad
  1088 | D        | Got the staff "Jecinn" {rF+ rC+ Int+3 Stlth+ Fire}
  1093 | D        | Entered arena 8.
  1093 | D        | Noticed a wolf spider
  1093 | D        | Noticed a wolf spider
  1093 | D        | Noticed a wolf spider
  1102 | D        | Killed a wolf spider
  1108 | D        | Slain by a wolf spider

Illustrated notes

Levels and vault maps discovered:
D:        sprint_v [room_start, room_1, room_2, room_3, room_4, room_5, room_6,
          room_7, room_8, room_9, room_10, room_11, room_12, room_13, room_14,
          room_15, room_16, room_17, room_18, room_19, room_20, room_21,
          room_22, room_23, room_24, room_25, room_26, room_27]

Skill      XL: |  1  2  3  4  5  6  7  8  9 |
---------------+----------------------------+-----
Fighting       | 4 8 9 10 11 | 11.3
Axes           | 3 |  3.6
Maces & Flails | 4 6 7 8 9 11 | 11.5
Armour         | 4 8 10 11 12 | 12.7
Shields        | 4 8 9 10 11 | 11.8
Stealth        | 1 2 3 |  3.2
Evocations     | 2 3 4 |  4.7
Invocations    | 4 6 8 |  8.3

Action                     |  1- 3 |  4- 6 |  7- 9 || total
---------------------------+-------+-------+-------++-------
  Melee: Demon whip        |     6 |     6 |    53 ||    65
 Invoke: Heroism           |       |       |     2 ||     2
  Evoke: Wand              |     4 |       |     5 ||     9
    Use: Potion            |     3 |       |     2 ||     5
         Scroll            |     1 |       |     1 ||     2
   Stab: Invisible         |     1 |     1 |       ||     2
 Armour: Plate armour      |     6 |     2 |    75 ||    83
  Dodge: Dodged            |     1 |       |    26 ||    27
  Block: Buckler           |     1 |       |    35 ||    36

Table legend: (Time is in decaauts)
 A = Elapsed time spent in this place.
 B = Non-inter-level travel time spent in this place.
 C = Inter-level travel time spent in this place.
 D = Time resting spent in this place.
 E = Time spent auto-exploring this place.
 F = Levels seen in this place.
 G = Mean time per level.
                   A        B        C        D        E       F      G
               +--------+--------+--------+--------+--------+-----+--------+
         Total |   1093 |   1093 |      0 |    765 |      0 |   1 | 1093.0 |
       Dungeon |   1093 |   1093 |      0 |    765 |      0 |   1 | 1093.0 |
               +--------+--------+--------+--------+--------+-----+--------+

Top non-repeatable levels by time:
       D: 1093 daAuts
